 Dungeon Crawl Stone Soup version 0.25-a0-544-gee0576305d (webtiles) character file.

Game seed: 3595346855407430781, levelgen mode: classic

9401 EnegeticOcto the Cleaver (level 11, -1/119 HPs)
             Began as a Deep Dwarf Fighter on Feb 20, 2020.
             Was a Priest of Makhleb.
             Slain by a 12-headed hydra (5 damage)
             ... on level 11 of the Dungeon.
             The game lasted 00:05:09 (5481 turns).

EnegeticOcto the Cleaver (Deep Dwarf Fighter)       Turns: 5481, Time: 00:05:10

Health: -1/119     AC: 16    Str: 30    XL:     11   Next: 22%
Magic:  3/3 (10)   EV:  9    Int:  8    God:    Makhleb [***...]
Gold:   569        SH: 14    Dex: 12    Spells: 10/10 levels left

rFire    + . .     SeeInvis .   i - +2 war axe of Equilibrium {antimagic, +Fly rF+}
rCold    . . .     Gourm    .   E - +2 kite shield
rNeg     . . .     Faith    .   y - +0 plate armour
rPois    .         Spirit   .   x - +0 helmet
rElec    .         Reflect  .   (no cloak)
rCorr    .         Harm     .   w - +0 pair of gloves
MR       ++...                  (no boots)
Stlth    ..........             q - amulet of Vitality {Regen+ HP+15}
HPRegen  0.00/turn              p - ring of protection from magic
MPRegen  0.08/turn              m - +6 ring of strength

@: non-regenerating
A: damage resistance, heal wounds, sense surroundings 2, no regeneration
a: Heal Wounds, Minor Destruction, Lesser Servant of Makhleb, Renounce Religion,
Evoke Flight


You were on level 11 of the Dungeon.
You worshipped Makhleb.
Makhleb was most pleased with you.
You were not hungry.

You visited 2 branches of the dungeon, and saw 12 of its levels.
You also visited: Sewer.

You collected 569 gold pieces.

Inventory:

Hand Weapons
 a - a +0 war axe
 i - the +2 war axe of Equilibrium (weapon) {antimagic, +Fly rF+}
   (You found it on level 6 of the Dungeon)

   It reduces the magical energy of the wielder, and disrupts the spells and
   magical abilities of those hit.
   Natural abilities and divine invocations are not affected.
   It protects you from fire.
   It lets you fly.
Missiles
 h - a throwing net (quivered)
Armour
 w - a +0 pair of gloves (worn)
 x - a +0 helmet (worn)
 y - a +0 plate armour (worn)
 E - a +2 kite shield (worn)
Jewellery
 m - a +6 ring of strength (right hand)
 p - a ring of protection from magic (left hand)
 q - the amulet of Vitality (around neck) {Regen+ HP+15}
   (You found it on level 7 of the Dungeon)

   [amulet of regeneration]

   It affects your health (+15).
   It increases your rate of regeneration.
Wands
 c - a wand of enslavement (7)
 r - a wand of flame (24)
Scrolls
 d - 5 scrolls of teleportation {@r2}
 g - 6 scrolls of identify {@r1}
 l - 5 scrolls of magic mapping {@r5}
 o - a scroll of fear
 z - 2 scrolls of amnesia
 B - a scroll of summoning {unknown}
 C - a scroll of enchant armour {unknown}
 D - a scroll of enchant weapon {unknown}
Potions
 b - a potion of stabbing {unknown}
 f - 5 potions of flight
 j - 4 potions of degeneration
 k - 5 potions of might {@q3}
 n - 3 potions of haste {@q4}
 s - a potion of berserk rage {unknown}
 t - 4 potions of curing {unknown}
 v - 3 potions of heal wounds {@q2}
Comestibles
 e - 11 rations
 u - 7 chunks of flesh


   Skills:
 * Level 8.7 Fighting
 * Level 9.9 Axes
 + Level 7.7 Armour
 + Level 6.6 Dodging
 + Level 7.6 Shields
 * Level 7.7 Invocations


You had 10 spell levels left.
You didn't know any spells.
Your spell library was empty.

Dungeon Overview and Level Annotations

Branches:
Dungeon (11/15)            Temple (1/1) D:6            Lair (0/6) D:8
  Sewer (visited)
    Orc: D:9-12

Altars:
Ashenzari
Cheibriados
Dithmenos
Elyvilon
Fedhas
Gozag
Kikubaaqudgha
Makhleb
Nemelex Xobeh
Okawaru
Qazlal
Ru
Sif Muna
Trog
Uskayaw
Vehumet
Wu Jian
Xom
Yredelemnul
Zin
The Shining One

Shops:
D:10 *

Annotations:
D:7 exclusion: statue


Innate Abilities, Weirdness & Mutations

You are resistant to damage.
You can heal yourself by infusing magical energy.
You passively map the area around you.
You do not regenerate.


Message History

The nine-headed hydra bites you! x2
The nine-headed hydra completely misses you.
You block the nine-headed hydra's attack.
You hack one of the nine-headed hydra's heads off!
The eight-headed hydra grows two more!
You slice the ten-headed hydra!!
The ten-headed hydra is moderately wounded.
The ten-headed hydra bites you.
You block the ten-headed hydra's attack. x2
The ten-headed hydra closely misses you.
The ten-headed hydra bites you but does no damage. x2
The ten-headed hydra barely misses you.
The ten-headed hydra bites you but does no damage.
The ten-headed hydra barely misses you.
The ten-headed hydra bites you but does no damage.
Your shield and plate armour prevent you from hitting the ten-headed hydra.
The ten-headed hydra is moderately wounded.
The ten-headed hydra bites you.
The ten-headed hydra completely misses you.
The ten-headed hydra barely misses you.
You block the ten-headed hydra's attack.
The ten-headed hydra bites you.
The ten-headed hydra bites you but does no damage.
The ten-headed hydra barely misses you.
You block the ten-headed hydra's attack.
The ten-headed hydra bites you but does no damage. x2
Your shield and plate armour prevent you from hitting the ten-headed hydra.
The ten-headed hydra is moderately wounded.
The ten-headed hydra bites you. The ten-headed hydra bites you!
The ten-headed hydra bites you but does no damage.
The ten-headed hydra closely misses you.
You block the ten-headed hydra's attack.
The ten-headed hydra bites you but does no damage.
You block the ten-headed hydra's attack.
The ten-headed hydra bites you but does no damage.
You block the ten-headed hydra's attack.
The ten-headed hydra bites you.
You hack one of the ten-headed hydra's heads off!
The nine-headed hydra grows two more!
You hit the 11-headed hydra.
The 11-headed hydra is lightly wounded.
You block the 11-headed hydra's attack.
The 11-headed hydra bites you but does no damage. x2
You block the 11-headed hydra's attack. The 11-headed hydra bites you.
The 11-headed hydra bites you but does no damage. x3
The 11-headed hydra barely misses you. You block the 11-headed hydra's attack.
The 11-headed hydra bites you but does no damage.
You lop one of the 11-headed hydra's heads off!
The ten-headed hydra grows two more!
You hit the 12-headed hydra.
The 12-headed hydra is lightly wounded.
You block the 12-headed hydra's attack. The 12-headed hydra barely misses you.
You block the 12-headed hydra's attack.
The 12-headed hydra bites you but does no damage.
The 12-headed hydra bites you.
The 12-headed hydra bites you but does no damage. x2
The 12-headed hydra bites you.
The 12-headed hydra bites you but does no damage.
The 12-headed hydra closely misses you. The 12-headed hydra bites you! x2
You block the 12-headed hydra's attack. The 12-headed hydra bites you!
* * * LOW HITPOINT WARNING * * *
The 12-headed hydra bites you but does no damage.
You block the 12-headed hydra's attack.
The 12-headed hydra bites you but does no damage.
The 12-headed hydra bites you.
* * * LOW HITPOINT WARNING * * *
You block the 12-headed hydra's attack. The 12-headed hydra barely misses you.
The 12-headed hydra bites you!
* * * LOW HITPOINT WARNING * * *
The 12-headed hydra barely misses you.
The 12-headed hydra bites you but does no damage.
You block the 12-headed hydra's attack.
You are too injured to fight recklessly!
You are too injured to fight recklessly!
You are too injured to fight recklessly!
The 12-headed hydra bites you but does no damage.
You block the 12-headed hydra's attack. The 12-headed hydra bites you.
* * * LOW HITPOINT WARNING * * *
You block the 12-headed hydra's attack. x2
The 12-headed hydra bites you but does no damage.
The 12-headed hydra closely misses you.
The 12-headed hydra bites you but does no damage. x2
The 12-headed hydra bites you!
* * * LOW HITPOINT WARNING * * *
The 12-headed hydra bites you!
* * * LOW HITPOINT WARNING * * *
The 12-headed hydra bites you but does no damage.
The 12-headed hydra barely misses you.
The 12-headed hydra bites you but does no damage.
The 12-headed hydra bites you!
* * * LOW HITPOINT WARNING * * *
The 12-headed hydra bites you.
* * * LOW HITPOINT WARNING * * *
The 12-headed hydra bites you.
You block the 12-headed hydra's attack. x2
The 12-headed hydra barely misses you.
The 12-headed hydra bites you but does no damage.
You block the 12-headed hydra's attack. The 12-headed hydra barely misses you.
The 12-headed hydra bites you but does no damage.
The 12-headed hydra bites you but does no damage.
You block the 12-headed hydra's attack. x2
The 12-headed hydra bites you but does no damage.
You block the 12-headed hydra's attack. The 12-headed hydra bites you.
You die...

#.....# ###**
###.>...#... , , ,
........#.# * , #
###.......# .# #.....###
*, .# ####.## , ..#
#...# *###.# #.### #.D.#
##'### ##@#######
###....##### #.........
..'....'...####.........
###....###....'.........
#....# ######.........*
#....# #......... #....#
#.........* ##+###
###+###### *


You could see a 12-headed hydra.

Vanquished Creatures
  Erolcha (D:10)
  Erica (D:8)
  2 two-headed ogres
  Pikel (D:5)
  2 trolls
  A hornet (D:10)
  Grinder (D:3)
  Prince Ribbit (D:5)
  A hippogriff (D:7)
  A wyvern (D:10)
  4 yaks (D:9)
  2 water moccasins
  2 orc warriors (D:7)
  2 black bears
  2 slaves (D:5)
  2 ice beasts
  Purgy (Sewer)
  5 phantoms
  2 sky beasts
  3 ogres
  2 centaurs
  A big kobold (D:10)
  7 bullfrogs
  A gnoll sergeant (D:9)
  A water moccasin zombie (D:10)
  6 scorpions
  3 killer bees (D:9)
  3 wights (D:10)
  2 howler monkeys (D:8)
  2 crimson imps
  2 bullfrog zombies
  A centaur zombie (D:5)
  A jelly (D:10)
  A bullfrog skeleton (D:9)
  A hound (D:7)
  6 orc wizards
  8 orc priests
  2 centaur skeletons
  Natasha (twice) (D:3)
  8 worker ants
  A worker ant zombie (D:6)
  8 adders
  12 gnolls
  A howler monkey skeleton (D:6)
  2 shadow imps
  2 adder zombies
  2 adder skeletons (D:9)
  3 worms
  4 leopard geckos
  38 orcs
  2 bats
  6 giant cockroaches
  2 hobgoblins
  23 jackals
  8 kobolds
  4 quokkas
  2 ball pythons
  7 frilled lizards
  9 goblins
  A jackal skeleton (D:6)
  A leopard gecko zombie (D:5)
  6 rats
  A plant (D:8)
242 creatures vanquished.

Vanquished Creatures (others)
  2 rats (D:5)
2 creatures vanquished.

Grand Total: 244 creatures vanquished

Notes
Turn   | Place    | Note
-------+----------+-------------------------------------------
     0 | D:1      | EnegeticOcto the Deep Dwarf Fighter began the quest for the
                  | Orb.
     0 | D:1      | Reached XP level 1. HP: 20/20 MP: 1/1
    33 | D:1      | Noticed a polar bear
    33 | D:1      | Noticed a hog
    33 | D:1      | Noticed a swamp worm
    33 | D:1      | Noticed an anaconda
    33 | D:1      | Noticed a wyvern
    43 | D:1      | Reached XP level 2. HP: 21/27 MP: 2/2
   267 | D:2      | Found an ornate altar of the Wu Jian Council.
   292 | D:2      | Reached XP level 3. HP: 17/34 MP: 3/3
   333 | D:2      | Reached skill level 3 in Axes
   340 | D:2      | Reached skill level 1 in Dodging
   351 | D:2      | Reached XP level 4. HP: 30/42 MP: 3/3
   363 | D:2      | Found a basalt altar of Yredelemnul.
   531 | D:3      | Noticed Grinder
   536 | D:3      | Noticed Natasha
   543 | D:3      | Killed Natasha
   555 | D:3      | Paralysed by Grinder for 4 turns
   574 | D:3      | Killed Grinder
   574 | D:3      | Reached skill level 4 in Axes
   574 | D:3      | Reached XP level 5. HP: 31/50 MP: 3/3
   574 | D:3      | Reached XP level 6. HP: 35/57 MP: 4/4
   668 | D:3      | Found a blossoming altar of Fedhas.
   974 | D:3      | Noticed Natasha
   981 | D:3      | Killed Natasha
  1080 | D:4      | Reached XP level 7. HP: 64/66 MP: 3/3
  1160 | D:5      | Entered Level 5 of the Dungeon
  1166 | D:5      | Reached skill level 5 in Axes
  1192 | D:5      | Found a sacrificial altar of Ru.
  1226 | D:5      | Noticed Pikel
  1275 | D:5      | Killed Pikel
  1275 | D:5      | Reached skill level 5 in Fighting
  1275 | D:5      | Reached skill level 5 in Armour
  1275 | D:5      | Reached skill level 5 in Shields
  1275 | D:5      | Reached XP level 8. HP: 34/74 MP: 4/4
  1316 | D:5      | Found a glowing drain.
  1325 | D:5      | Reached skill level 6 in Axes
  1336 | Sewer    | Entered a sewer
  1408 | Sewer    | Noticed Purgy
  1414 | Sewer    | Killed Purgy
  1552 | D:5      | Noticed Prince Ribbit
  1557 | D:5      | Found an ornate altar of the Wu Jian Council.
  1581 | D:5      | Killed Prince Ribbit
  2143 | D:6      | Found a transporter.
  2154 | D:6      | Reached skill level 7 in Axes
  2156 | D:6      | Found a transporter.
  2162 | D:6      | Found a staircase to the Ecumenical Temple.
  2168 | Temple   | Entered the Ecumenical Temple
  2308 | D:6      | Gained mutation: You passively map the area around you.
                  | [Deep Dwarf growth]
  2308 | D:6      | Reached XP level 9. HP: 52/84 MP: 3/3
  2317 | D:6      | Found a sparkling altar of Nemelex Xobeh.
  2318 | D:6      | Found a stormy altar of Qazlal.
  2320 | D:6      | Found a burning altar of Makhleb.
  2396 | D:6      | Became a worshipper of Makhleb the Destroyer
  2471 | D:6      | Reached skill level 1 in Invocations
  2632 | D:6      | Got a sapphire war axe
  2633 | D:6      | Identified the +2 war axe of Equilibrium {antimagic, +Fly
                  | rF+} (You found it on level 6 of the Dungeon)
  2825 | D:6      | Found a sparkling altar of Nemelex Xobeh.
  2957 | D:7      | Reached * piety under Makhleb
  2974 | D:7      | Reached skill level 5 in Dodging
  3100 | D:7      | Reached skill level 8 in Axes
  3243 | D:7      | Found the amulet of Vitality {Regen+ HP+15}
  3312 | D:7      | Found a radiant altar of Vehumet.
  3555 | D:8      | Noticed a two-headed ogre
  3567 | D:8      | Killed a two-headed ogre
  3567 | D:8      | Reached XP level 10. HP: 53/94 MP: 1/7
  3683 | D:8      | Reached ** piety under Makhleb
  3792 | D:8      | Noticed Erica
  3793 | D:8      | Found a staircase to the Lair.
  3823 | D:8      | Killed Erica
  3823 | D:8      | Reached skill level 5 in Invocations
  4005 | D:8      | Found a shadowy altar of Dithmenos.
  4186 | D:9      | Reached skill level 9 in Axes
  4279 | D:9      | Found an iron altar of Okawaru.
  4558 | D:9      | Found a glowing golden altar of the Shining One.
  4887 | D:10     | Entered Level 10 of the Dungeon
  4887 | D:10     | Noticed a two-headed ogre
  4903 | D:10     | Killed a two-headed ogre
  4914 | D:10     | Reached *** piety under Makhleb
  5041 | D:10     | Reached XP level 11. HP: 104/104 MP: 3/10
  5101 | D:10     | Found a shimmering altar of Xom.
  5120 | D:10     | Noticed Erolcha
  5131 | D:10     | Killed Erolcha
  5275 | D:10     | Found Linoro's General Store.
  5470 | D:11     | Noticed a seven-headed hydra
  5480 | D:11     | HP: 5/119 [12-headed hydra (9)]
  5481 | D:11     | Slain by a 12-headed hydra

Levels and vault maps discovered:
D:1:      onia_arrival_zoo_common, layout_loops_ring, doesnt_xom_only_xom
D:2:      layout_loops_ring, overflow_temple_1_default,
          grunt_temple_overflow_open, first_ration, minmay_misc_feat_rugged
D:3:      layout_basic, lemuel_crystal_altar, kennysheep_generic_room_10,
          uniq_grinder, uniq_natasha
D:4:      layout_basic
D:5:      layout_cave_pods, nicolae_overflow_crystal_walls, basic_altar,
          gup_sewer_entry_bubbles, uniq_pikel, uniq_prince_ribbit1
D:6:      layout_cave_pools, gammafunk_temple_overflow_arena,
          minmay_temple_entry_hall, nemelex_spade_bored_becter
D:7:      layout_basic, vehumet_statue
D:8:      layout_basic, nicolae_dithmenos_the_darkroom, dpeg_oklobed_lair,
          uniq_erica
D:9:      layout_irregular_city, nicolae_overflow_hidden_temple,
          lemuel_round_altar
D:10:     layout_cave_pools, serial_shops, nicolae_shop_trees, basic_altar,
          serial_column_ruins, column_ruins_hut_ruined,
          column_ruins_columns_straight, column_ruins_grid_4,
          column_ruins_corridor_straight, column_ruins_grid_2, uniq_erolcha
D:11:     layout_roguey, orc_0_dummy
Temple:   cyrus_temple_forest

Skill      XL: |  1  2  3  4  5  6  7  8  9 10 |
---------------+-------------------------------+-----
Fighting       | 3 4 5 6 7 8 |  8.7
Axes           | 3 4 5 7 8 9 |  9.9
Dodging        | 1 2 3 4 5 6 |  6.6
Armour         | 4 5 6 7 |  7.7
Shields        | 4 5 6 7 |  7.6
Invocations    | 4 7 |  7.7

Action                   |  1- 3 |  4- 6 |  7- 9 | 10-12 || total
-------------------------+-------+-------+-------+-------++-------
Melee: War axe           |   134 |   169 |   347 |   300 ||   950
 Abil: Heal Wounds       |     3 |     7 |    14 |     4 ||    28
  Use: Scroll            |       |     1 |    12 |       ||    13
  Eat: Chunk             |       |     1 |     9 |     7 ||    17
Armor: Scale mail        |    64 |    66 |    79 |       ||   209
       Plate armour      |       |       |    27 |   161 ||   188
Dodge: Dodged            |    50 |    61 |   148 |   112 ||   371
Block: Kite shield       |    85 |   104 |   198 |   220 ||   607

Table legend:
 A = Non-vault XP
 B = Vault XP
 C = Vault XP percentage of total XP
 D = Non-vault monster count
 E = Vault monster count
 F = Vault count percentage of total count
                 A         B        C        D         E       F
            +---------+---------+-------+---------+---------+-------
      Total |    9837 |    3593 |  26.8 |     217 |      22 |   9.2
            +---------+---------+-------+---------+---------+-------
        D:1 |      27 |       0 |   0.0 |      15 |       0 |   0.0
        D:2 |      83 |       0 |   0.0 |      15 |       0 |   0.0
        D:3 |     165 |     323 |  66.2 |      36 |       3 |   7.7
        D:4 |     178 |       0 |   0.0 |      10 |       0 |   0.0
        D:5 |     642 |     926 |  59.1 |      11 |       8 |  42.1
        D:6 |     726 |     316 |  30.3 |      23 |       4 |  14.8
        D:7 |    1042 |       0 |   0.0 |      22 |       0 |   0.0
        D:8 |    1584 |     923 |  36.8 |      24 |       1 |   4.0
        D:9 |    2076 |       0 |   0.0 |      31 |       0 |   0.0
       D:10 |    3009 |     973 |  24.4 |      27 |       1 |   3.6
       D:11 |     217 |       0 |   0.0 |       2 |       0 |   0.0
     Temple |      88 |       0 |   0.0 |       1 |       0 |   0.0
      Sewer |       0 |     132 | 100.0 |       0 |       5 | 100.0
            +---------+---------+-------+---------+---------+-------
